Workbook
Name Building_Structure_and_Fabric: Lists!$R$4:$R$11
Name Categories: [1]Lookups!$G$1:$G$22
Name Compliance: Lists!$R$87:$R$95
Name Electrical_Systems: Lists!$R$23:$R$40
Name Environment_and_Hazmat: Lists!$R$96:$R$101
Name Fire_and_Life_Safety_Services: Lists!$R$41:$R$45
Name Hydraulic_Systems: Lists!$R$46:$R$59
Name Mechanical_Systems: Lists!$R$12:$R$22
Name Regions: [1]Lookups!$A$1:$A$5
Name Site_and_Boundary: Lists!$R$103:$R$108
Name TDD_Categories: Lists!$O$4:$O$13
Name Town_Planning: Lists!$R$102
Name Vertical_Transportation: Lists!$R$60:$R$86

Sheet Schedule
A1: Elemental Condition | H1: Prioritisation | O1: Capital Expenditure Schedule
A2: Item | B2: TDD Category | C2: Sub Category | D2: Image Ref. | E2: Narrative | F2: Proposed Action | G2: CAP/ R&M | H2: Likelihood | I2: Severity | J2: Primary Risk Type | K2: Priority | L2: Likelihood (NUM) | M2: Severity (NUM) | N2: Score | O2: First action year | P2: Cost allowance (AUD$) | Q2: Frequency of action (No. of Years) | R2: 2025 | S2: =SUM(R2+1) -> 2026 | T2: =SUM(S2+1) -> 2027 | U2: =SUM(T2+1) -> 2028 | V2: =SUM(U2+1) -> 2029 | W2: =SUM(V2+1) -> 2030 | X2: =SUM(W2+1) -> 2031 | Y2: =SUM(X2+1) -> 2032 | Z2: =SUM(Y2+1) -> 2033 | AA2: =SUM(Z2+1) -> 2034 | AB2: Total Forecast Cost For Reporting Period
A3: =IF(B3="","",INDEX(Lists!$P$3:$P$12,MATCH(B3,Lists!$O$3:$O$12,0)) & "." & TEXT(COUNTIF($B$3:B3,"*"),"00")) | K3: =VLOOKUP(N3,Risk!$B$13:$C$38,2,FALSE) -> #N/A | L3: =_xlfn.IFS(H3=Lists!$D$4,Lists!$F$4,H3=Lists!$D$5,Lists!$F$5,H3=Lists!$D$6,Lists!$F$6,H3=Lists!$D$7,Lists!$F$7,H3=Lists!$D$8,Lists!$F$8) -> #N/A | M3: =_xlfn.IFS(I3=Lists!$E$4,Lists!$F$4,I3=Lists!$E$5,Lists!$F$5,I3=Lists!$E$6,Lists!$F$6,I3=Lists!$E$7,Lists!$F$7,I3=Lists!$E$8,Lists!$F$8) -> #N/A | N3: =SUM(L3*M3) -> #N/A | R3: =_xlfn.IFS($R$2-O3<0," ",$R$2=O3,P3,Q3=0," ",MOD(($R$2-O3),Q3)=0,P3,MOD(($R$2-O3),Q3)<>0," ") | S3: =_xlfn.IFS($S$2-O3<0," ",$S$2=O3,P3,Q3=0," ",MOD(($S$2-O3),Q3)=0,P3,MOD(($S$2-O3),Q3)<>0," ") | T3: =_xlfn.IFS($T$2-O3<0," ",$T$2=O3,P3,Q3=0," ",MOD(($T$2-O3),Q3)=0,P3,MOD(($T$2-O3),Q3)<>0," ") | U3: =_xlfn.IFS($U$2-O3<0," ",$U$2=O3,P3,Q3=0," ",MOD(($U$2-O3),Q3)=0,P3,MOD(($U$2-O3),Q3)<>0," ") | V3: =_xlfn.IFS($V$2-O3<0," ",$V$2=O3,P3,Q3=0," ",MOD(($V$2-O3),Q3)=0,P3,MOD(($V$2-O3),Q3)<>0," ") | W3: =_xlfn.IFS($W$2-O3<0," ",$W$2=O3,P3,Q3=0," ",MOD(($W$2-O3),Q3)=0,P3,MOD(($W$2-O3),Q3)<>0," ") | X3: =_xlfn.IFS($X$2-O3<0," ",$X$2=O3,P3,Q3=0," ",MOD(($X$2-O3),Q3)=0,P3,MOD(($X$2-O3),Q3)<>0," ") | Y3: =_xlfn.IFS($Y$2-O3<0," ",$Y$2=O3,P3,Q3=0," ",MOD(($Y$2-O3),Q3)=0,P3,MOD(($Y$2-O3),Q3)<>0," ") | Z3: =_xlfn.IFS($Z$2-O3<0," ",$Z$2=O3,P3,Q3=0," ",MOD(($Z$2-O3),Q3)=0,P3,MOD(($Z$2-O3),Q3)<>0," ") | AA3: =_xlfn.IFS($AA$2-O3<0," ",$AA$2=O3,P3,Q3=0," ",MOD(($AA$2-O3),Q3)=0,P3,MOD(($AA$2-O3),Q3)<>0," ") | AB3: =SUM(R3:AA3) -> 0
A4: =IF(B4="","",INDEX(Lists!$P$3:$P$12,MATCH(B4,Lists!$O$3:$O$12,0)) & "." & TEXT(COUNTIF($B$3:B4,"*"),"00")) | K4: =VLOOKUP(N4,Risk!$B$13:$C$38,2,FALSE) -> #N/A | L4: =_xlfn.IFS(H4=Lists!$D$4,Lists!$F$4,H4=Lists!$D$5,Lists!$F$5,H4=Lists!$D$6,Lists!$F$6,H4=Lists!$D$7,Lists!$F$7,H4=Lists!$D$8,Lists!$F$8) -> #N/A | M4: =_xlfn.IFS(I4=Lists!$E$4,Lists!$F$4,I4=Lists!$E$5,Lists!$F$5,I4=Lists!$E$6,Lists!$F$6,I4=Lists!$E$7,Lists!$F$7,I4=Lists!$E$8,Lists!$F$8) -> #N/A | N4: =SUM(L4*M4) -> #N/A | R4: =_xlfn.IFS($R$2-O4<0," ",$R$2=O4,P4,Q4=0," ",MOD(($R$2-O4),Q4)=0,P4,MOD(($R$2-O4),Q4)<>0," ") | S4: =_xlfn.IFS($S$2-O4<0," ",$S$2=O4,P4,Q4=0," ",MOD(($S$2-O4),Q4)=0,P4,MOD(($S$2-O4),Q4)<>0," ") | T4: =_xlfn.IFS($T$2-O4<0," ",$T$2=O4,P4,Q4=0," ",MOD(($T$2-O4),Q4)=0,P4,MOD(($T$2-O4),Q4)<>0," ") | U4: =_xlfn.IFS($U$2-O4<0," ",$U$2=O4,P4,Q4=0," ",MOD(($U$2-O4),Q4)=0,P4,MOD(($U$2-O4),Q4)<>0," ") | V4: =_xlfn.IFS($V$2-O4<0," ",$V$2=O4,P4,Q4=0," ",MOD(($V$2-O4),Q4)=0,P4,MOD(($V$2-O4),Q4)<>0," ") | W4: =_xlfn.IFS($W$2-O4<0," ",$W$2=O4,P4,Q4=0," ",MOD(($W$2-O4),Q4)=0,P4,MOD(($W$2-O4),Q4)<>0," ") | X4: =_xlfn.IFS($X$2-O4<0," ",$X$2=O4,P4,Q4=0," ",MOD(($X$2-O4),Q4)=0,P4,MOD(($X$2-O4),Q4)<>0," ") | Y4: =_xlfn.IFS($Y$2-O4<0," ",$Y$2=O4,P4,Q4=0," ",MOD(($Y$2-O4),Q4)=0,P4,MOD(($Y$2-O4),Q4)<>0," ") | Z4: =_xlfn.IFS($Z$2-O4<0," ",$Z$2=O4,P4,Q4=0," ",MOD(($Z$2-O4),Q4)=0,P4,MOD(($Z$2-O4),Q4)<>0," ") | AA4: =_xlfn.IFS($AA$2-O4<0," ",$AA$2=O4,P4,Q4=0," ",MOD(($AA$2-O4),Q4)=0,P4,MOD(($AA$2-O4),Q4)<>0," ") | AB4: =SUM(R4:AA4) -> 0
A5: =IF(B5="","",INDEX(Lists!$P$3:$P$12,MATCH(B5,Lists!$O$3:$O$12,0)) & "." & TEXT(COUNTIF($B$3:B5,"*"),"00")) | K5: =VLOOKUP(N5,Risk!$B$13:$C$38,2,FALSE) -> #N/A | L5: =_xlfn.IFS(H5=Lists!$D$4,Lists!$F$4,H5=Lists!$D$5,Lists!$F$5,H5=Lists!$D$6,Lists!$F$6,H5=Lists!$D$7,Lists!$F$7,H5=Lists!$D$8,Lists!$F$8) -> #N/A | M5: =_xlfn.IFS(I5=Lists!$E$4,Lists!$F$4,I5=Lists!$E$5,Lists!$F$5,I5=Lists!$E$6,Lists!$F$6,I5=Lists!$E$7,Lists!$F$7,I5=Lists!$E$8,Lists!$F$8) -> #N/A | N5: =SUM(L5*M5) -> #N/A | R5: =_xlfn.IFS($R$2-O5<0," ",$R$2=O5,P5,Q5=0," ",MOD(($R$2-O5),Q5)=0,P5,MOD(($R$2-O5),Q5)<>0," ") | S5: =_xlfn.IFS($S$2-O5<0," ",$S$2=O5,P5,Q5=0," ",MOD(($S$2-O5),Q5)=0,P5,MOD(($S$2-O5),Q5)<>0," ") | T5: =_xlfn.IFS($T$2-O5<0," ",$T$2=O5,P5,Q5=0," ",MOD(($T$2-O5),Q5)=0,P5,MOD(($T$2-O5),Q5)<>0," ") | U5: =_xlfn.IFS($U$2-O5<0," ",$U$2=O5,P5,Q5=0," ",MOD(($U$2-O5),Q5)=0,P5,MOD(($U$2-O5),Q5)<>0," ") | V5: =_xlfn.IFS($V$2-O5<0," ",$V$2=O5,P5,Q5=0," ",MOD(($V$2-O5),Q5)=0,P5,MOD(($V$2-O5),Q5)<>0," ") | W5: =_xlfn.IFS($W$2-O5<0," ",$W$2=O5,P5,Q5=0," ",MOD(($W$2-O5),Q5)=0,P5,MOD(($W$2-O5),Q5)<>0," ") | X5: =_xlfn.IFS($X$2-O5<0," ",$X$2=O5,P5,Q5=0," ",MOD(($X$2-O5),Q5)=0,P5,MOD(($X$2-O5),Q5)<>0," ") | Y5: =_xlfn.IFS($Y$2-O5<0," ",$Y$2=O5,P5,Q5=0," ",MOD(($Y$2-O5),Q5)=0,P5,MOD(($Y$2-O5),Q5)<>0," ") | Z5: =_xlfn.IFS($Z$2-O5<0," ",$Z$2=O5,P5,Q5=0," ",MOD(($Z$2-O5),Q5)=0,P5,MOD(($Z$2-O5),Q5)<>0," ") | AA5: =_xlfn.IFS($AA$2-O5<0," ",$AA$2=O5,P5,Q5=0," ",MOD(($AA$2-O5),Q5)=0,P5,MOD(($AA$2-O5),Q5)<>0," ") | AB5: =SUM(R5:AA5) -> 0
A6: =IF(B6="","",INDEX(Lists!$P$3:$P$12,MATCH(B6,Lists!$O$3:$O$12,0)) & "." & TEXT(COUNTIF($B$3:B6,"*"),"00")) | K6: =VLOOKUP(N6,Risk!$B$13:$C$38,2,FALSE) -> #N/A | L6: =_xlfn.IFS(H6=Lists!$D$4,Lists!$F$4,H6=Lists!$D$5,Lists!$F$5,H6=Lists!$D$6,Lists!$F$6,H6=Lists!$D$7,Lists!$F$7,H6=Lists!$D$8,Lists!$F$8) -> #N/A | M6: =_xlfn.IFS(I6=Lists!$E$4,Lists!$F$4,I6=Lists!$E$5,Lists!$F$5,I6=Lists!$E$6,Lists!$F$6,I6=Lists!$E$7,Lists!$F$7,I6=Lists!$E$8,Lists!$F$8) -> #N/A | N6: =SUM(L6*M6) -> #N/A | R6: =_xlfn.IFS($R$2-O6<0," ",$R$2=O6,P6,Q6=0," ",MOD(($R$2-O6),Q6)=0,P6,MOD(($R$2-O6),Q6)<>0," ") | S6: =_xlfn.IFS($S$2-O6<0," ",$S$2=O6,P6,Q6=0," ",MOD(($S$2-O6),Q6)=0,P6,MOD(($S$2-O6),Q6)<>0," ") | T6: =_xlfn.IFS($T$2-O6<0," ",$T$2=O6,P6,Q6=0," ",MOD(($T$2-O6),Q6)=0,P6,MOD(($T$2-O6),Q6)<>0," ") | U6: =_xlfn.IFS($U$2-O6<0," ",$U$2=O6,P6,Q6=0," ",MOD(($U$2-O6),Q6)=0,P6,MOD(($U$2-O6),Q6)<>0," ") | V6: =_xlfn.IFS($V$2-O6<0," ",$V$2=O6,P6,Q6=0," ",MOD(($V$2-O6),Q6)=0,P6,MOD(($V$2-O6),Q6)<>0," ") | W6: =_xlfn.IFS($W$2-O6<0," ",$W$2=O6,P6,Q6=0," ",MOD(($W$2-O6),Q6)=0,P6,MOD(($W$2-O6),Q6)<>0," ") | X6: =_xlfn.IFS($X$2-O6<0," ",$X$2=O6,P6,Q6=0," ",MOD(($X$2-O6),Q6)=0,P6,MOD(($X$2-O6),Q6)<>0," ") | Y6: =_xlfn.IFS($Y$2-O6<0," ",$Y$2=O6,P6,Q6=0," ",MOD(($Y$2-O6),Q6)=0,P6,MOD(($Y$2-O6),Q6)<>0," ") | Z6: =_xlfn.IFS($Z$2-O6<0," ",$Z$2=O6,P6,Q6=0," ",MOD(($Z$2-O6),Q6)=0,P6,MOD(($Z$2-O6),Q6)<>0," ") | AA6: =_xlfn.IFS($AA$2-O6<0," ",$AA$2=O6,P6,Q6=0," ",MOD(($AA$2-O6),Q6)=0,P6,MOD(($AA$2-O6),Q6)<>0," ") | AB6: =SUM(R6:AA6) -> 0
A7: =IF(B7="","",INDEX(Lists!$P$3:$P$12,MATCH(B7,Lists!$O$3:$O$12,0)) & "." & TEXT(COUNTIF($B$3:B7,"*"),"00")) | K7: =VLOOKUP(N7,Risk!$B$13:$C$38,2,FALSE) -> #N/A | L7: =_xlfn.IFS(H7=Lists!$D$4,Lists!$F$4,H7=Lists!$D$5,Lists!$F$5,H7=Lists!$D$6,Lists!$F$6,H7=Lists!$D$7,Lists!$F$7,H7=Lists!$D$8,Lists!$F$8) -> #N/A | M7: =_xlfn.IFS(I7=Lists!$E$4,Lists!$F$4,I7=Lists!$E$5,Lists!$F$5,I7=Lists!$E$6,Lists!$F$6,I7=Lists!$E$7,Lists!$F$7,I7=Lists!$E$8,Lists!$F$8) -> #N/A | N7: =SUM(L7*M7) -> #N/A | R7: =_xlfn.IFS($R$2-O7<0," ",$R$2=O7,P7,Q7=0," ",MOD(($R$2-O7),Q7)=0,P7,MOD(($R$2-O7),Q7)<>0," ") | S7: =_xlfn.IFS($S$2-O7<0," ",$S$2=O7,P7,Q7=0," ",MOD(($S$2-O7),Q7)=0,P7,MOD(($S$2-O7),Q7)<>0," ") | T7: =_xlfn.IFS($T$2-O7<0," ",$T$2=O7,P7,Q7=0," ",MOD(($T$2-O7),Q7)=0,P7,MOD(($T$2-O7),Q7)<>0," ") | U7: =_xlfn.IFS($U$2-O7<0," ",$U$2=O7,P7,Q7=0," ",MOD(($U$2-O7),Q7)=0,P7,MOD(($U$2-O7),Q7)<>0," ") | V7: =_xlfn.IFS($V$2-O7<0," ",$V$2=O7,P7,Q7=0," ",MOD(($V$2-O7),Q7)=0,P7,MOD(($V$2-O7),Q7)<>0," ") | W7: =_xlfn.IFS($W$2-O7<0," ",$W$2=O7,P7,Q7=0," ",MOD(($W$2-O7),Q7)=0,P7,MOD(($W$2-O7),Q7)<>0," ") | X7: =_xlfn.IFS($X$2-O7<0," ",$X$2=O7,P7,Q7=0," ",MOD(($X$2-O7),Q7)=0,P7,MOD(($X$2-O7),Q7)<>0," ") | Y7: =_xlfn.IFS($Y$2-O7<0," ",$Y$2=O7,P7,Q7=0," ",MOD(($Y$2-O7),Q7)=0,P7,MOD(($Y$2-O7),Q7)<>0," ") | Z7: =_xlfn.IFS($Z$2-O7<0," ",$Z$2=O7,P7,Q7=0," ",MOD(($Z$2-O7),Q7)=0,P7,MOD(($Z$2-O7),Q7)<>0," ") | AA7: =_xlfn.IFS($AA$2-O7<0," ",$AA$2=O7,P7,Q7=0," ",MOD(($AA$2-O7),Q7)=0,P7,MOD(($AA$2-O7),Q7)<>0," ") | AB7: =SUM(R7:AA7) -> 0
A8: =IF(B8="","",INDEX(Lists!$P$3:$P$12,MATCH(B8,Lists!$O$3:$O$12,0)) & "." & TEXT(COUNTIF($B$3:B8,"*"),"00")) | K8: =VLOOKUP(N8,Risk!$B$13:$C$38,2,FALSE) -> #N/A | L8: =_xlfn.IFS(H8=Lists!$D$4,Lists!$F$4,H8=Lists!$D$5,Lists!$F$5,H8=Lists!$D$6,Lists!$F$6,H8=Lists!$D$7,Lists!$F$7,H8=Lists!$D$8,Lists!$F$8) -> #N/A | M8: =_xlfn.IFS(I8=Lists!$E$4,Lists!$F$4,I8=Lists!$E$5,Lists!$F$5,I8=Lists!$E$6,Lists!$F$6,I8=Lists!$E$7,Lists!$F$7,I8=Lists!$E$8,Lists!$F$8) -> #N/A | N8: =SUM(L8*M8) -> #N/A | R8: =_xlfn.IFS($R$2-O8<0," ",$R$2=O8,P8,Q8=0," ",MOD(($R$2-O8),Q8)=0,P8,MOD(($R$2-O8),Q8)<>0," ") | S8: =_xlfn.IFS($S$2-O8<0," ",$S$2=O8,P8,Q8=0," ",MOD(($S$2-O8),Q8)=0,P8,MOD(($S$2-O8),Q8)<>0," ") | T8: =_xlfn.IFS($T$2-O8<0," ",$T$2=O8,P8,Q8=0," ",MOD(($T$2-O8),Q8)=0,P8,MOD(($T$2-O8),Q8)<>0," ") | U8: =_xlfn.IFS($U$2-O8<0," ",$U$2=O8,P8,Q8=0," ",MOD(($U$2-O8),Q8)=0,P8,MOD(($U$2-O8),Q8)<>0," ") | V8: =_xlfn.IFS($V$2-O8<0," ",$V$2=O8,P8,Q8=0," ",MOD(($V$2-O8),Q8)=0,P8,MOD(($V$2-O8),Q8)<>0," ") | W8: =_xlfn.IFS($W$2-O8<0," ",$W$2=O8,P8,Q8=0," ",MOD(($W$2-O8),Q8)=0,P8,MOD(($W$2-O8),Q8)<>0," ") | X8: =_xlfn.IFS($X$2-O8<0," ",$X$2=O8,P8,Q8=0," ",MOD(($X$2-O8),Q8)=0,P8,MOD(($X$2-O8),Q8)<>0," ") | Y8: =_xlfn.IFS($Y$2-O8<0," ",$Y$2=O8,P8,Q8=0," ",MOD(($Y$2-O8),Q8)=0,P8,MOD(($Y$2-O8),Q8)<>0," ") | Z8: =_xlfn.IFS($Z$2-O8<0," ",$Z$2=O8,P8,Q8=0," ",MOD(($Z$2-O8),Q8)=0,P8,MOD(($Z$2-O8),Q8)<>0," ") | AA8: =_xlfn.IFS($AA$2-O8<0," ",$AA$2=O8,P8,Q8=0," ",MOD(($AA$2-O8),Q8)=0,P8,MOD(($AA$2-O8),Q8)<>0," ") | AB8: =SUM(R8:AA8) -> 0
A9: =IF(B9="","",INDEX(Lists!$P$3:$P$12,MATCH(B9,Lists!$O$3:$O$12,0)) & "." & TEXT(COUNTIF($B$3:B9,"*"),"00")) | K9: =VLOOKUP(N9,Risk!$B$13:$C$38,2,FALSE) -> #N/A | L9: =_xlfn.IFS(H9=Lists!$D$4,Lists!$F$4,H9=Lists!$D$5,Lists!$F$5,H9=Lists!$D$6,Lists!$F$6,H9=Lists!$D$7,Lists!$F$7,H9=Lists!$D$8,Lists!$F$8) -> #N/A | M9: =_xlfn.IFS(I9=Lists!$E$4,Lists!$F$4,I9=Lists!$E$5,Lists!$F$5,I9=Lists!$E$6,Lists!$F$6,I9=Lists!$E$7,Lists!$F$7,I9=Lists!$E$8,Lists!$F$8) -> #N/A | N9: =SUM(L9*M9) -> #N/A | R9: =_xlfn.IFS($R$2-O9<0," ",$R$2=O9,P9,Q9=0," ",MOD(($R$2-O9),Q9)=0,P9,MOD(($R$2-O9),Q9)<>0," ") | S9: =_xlfn.IFS($S$2-O9<0," ",$S$2=O9,P9,Q9=0," ",MOD(($S$2-O9),Q9)=0,P9,MOD(($S$2-O9),Q9)<>0," ") | T9: =_xlfn.IFS($T$2-O9<0," ",$T$2=O9,P9,Q9=0," ",MOD(($T$2-O9),Q9)=0,P9,MOD(($T$2-O9),Q9)<>0," ") | U9: =_xlfn.IFS($U$2-O9<0," ",$U$2=O9,P9,Q9=0," ",MOD(($U$2-O9),Q9)=0,P9,MOD(($U$2-O9),Q9)<>0," ") | V9: =_xlfn.IFS($V$2-O9<0," ",$V$2=O9,P9,Q9=0," ",MOD(($V$2-O9),Q9)=0,P9,MOD(($V$2-O9),Q9)<>0," ") | W9: =_xlfn.IFS($W$2-O9<0," ",$W$2=O9,P9,Q9=0," ",MOD(($W$2-O9),Q9)=0,P9,MOD(($W$2-O9),Q9)<>0," ") | X9: =_xlfn.IFS($X$2-O9<0," ",$X$2=O9,P9,Q9=0," ",MOD(($X$2-O9),Q9)=0,P9,MOD(($X$2-O9),Q9)<>0," ") | Y9: =_xlfn.IFS($Y$2-O9<0," ",$Y$2=O9,P9,Q9=0," ",MOD(($Y$2-O9),Q9)=0,P9,MOD(($Y$2-O9),Q9)<>0," ") | Z9: =_xlfn.IFS($Z$2-O9<0," ",$Z$2=O9,P9,Q9=0," ",MOD(($Z$2-O9),Q9)=0,P9,MOD(($Z$2-O9),Q9)<>0," ") | AA9: =_xlfn.IFS($AA$2-O9<0," ",$AA$2=O9,P9,Q9=0," ",MOD(($AA$2-O9),Q9)=0,P9,MOD(($AA$2-O9),Q9)<>0," ") | AB9: =SUM(R9:AA9) -> 0
A10: =IF(B10="","",INDEX(Lists!$P$3:$P$12,MATCH(B10,Lists!$O$3:$O$12,0)) & "." & TEXT(COUNTIF($B$3:B10,"*"),"00")) | K10: =VLOOKUP(N10,Risk!$B$13:$C$38,2,FALSE) -> #N/A | L10: =_xlfn.IFS(H10=Lists!$D$4,Lists!$F$4,H10=Lists!$D$5,Lists!$F$5,H10=Lists!$D$6,Lists!$F$6,H10=Lists!$D$7,Lists!$F$7,H10=Lists!$D$8,Lists!$F$8) -> #N/A | M10: =_xlfn.IFS(I10=Lists!$E$4,Lists!$F$4,I10=Lists!$E$5,Lists!$F$5,I10=Lists!$E$6,Lists!$F$6,I10=Lists!$E$7,Lists!$F$7,I10=Lists!$E$8,Lists!$F$8) -> #N/A | N10: =SUM(L10*M10) -> #N/A | R10: =_xlfn.IFS($R$2-O10<0," ",$R$2=O10,P10,Q10=0," ",MOD(($R$2-O10),Q10)=0,P10,MOD(($R$2-O10),Q10)<>0," ") | S10: =_xlfn.IFS($S$2-O10<0," ",$S$2=O10,P10,Q10=0," ",MOD(($S$2-O10),Q10)=0,P10,MOD(($S$2-O10),Q10)<>0," ") | T10: =_xlfn.IFS($T$2-O10<0," ",$T$2=O10,P10,Q10=0," ",MOD(($T$2-O10),Q10)=0,P10,MOD(($T$2-O10),Q10)<>0," ") | U10: =_xlfn.IFS($U$2-O10<0," ",$U$2=O10,P10,Q10=0," ",MOD(($U$2-O10),Q10)=0,P10,MOD(($U$2-O10),Q10)<>0," ") | V10: =_xlfn.IFS($V$2-O10<0," ",$V$2=O10,P10,Q10=0," ",MOD(($V$2-O10),Q10)=0,P10,MOD(($V$2-O10),Q10)<>0," ") | W10: =_xlfn.IFS($W$2-O10<0," ",$W$2=O10,P10,Q10=0," ",MOD(($W$2-O10),Q10)=0,P10,MOD(($W$2-O10),Q10)<>0," ") | X10: =_xlfn.IFS($X$2-O10<0," ",$X$2=O10,P10,Q10=0," ",MOD(($X$2-O10),Q10)=0,P10,MOD(($X$2-O10),Q10)<>0," ") | Y10: =_xlfn.IFS($Y$2-O10<0," ",$Y$2=O10,P10,Q10=0," ",MOD(($Y$2-O10),Q10)=0,P10,MOD(($Y$2-O10),Q10)<>0," ") | Z10: =_xlfn.IFS($Z$2-O10<0," ",$Z$2=O10,P10,Q10=0," ",MOD(($Z$2-O10),Q10)=0,P10,MOD(($Z$2-O10),Q10)<>0," ") | AA10: =_xlfn.IFS($AA$2-O10<0," ",$AA$2=O10,P10,Q10=0," ",MOD(($AA$2-O10),Q10)=0,P10,MOD(($AA$2-O10),Q10)<>0," ") | AB10: =SUM(R10:AA10) -> 0
A11: =IF(B11="","",INDEX(Lists!$P$3:$P$12,MATCH(B11,Lists!$O$3:$O$12,0)) & "." & TEXT(COUNTIF($B$3:B11,"*"),"00")) | K11: =VLOOKUP(N11,Risk!$B$13:$C$38,2,FALSE) -> #N/A | L11: =_xlfn.IFS(H11=Lists!$D$4,Lists!$F$4,H11=Lists!$D$5,Lists!$F$5,H11=Lists!$D$6,Lists!$F$6,H11=Lists!$D$7,Lists!$F$7,H11=Lists!$D$8,Lists!$F$8) -> #N/A | M11: =_xlfn.IFS(I11=Lists!$E$4,Lists!$F$4,I11=Lists!$E$5,Lists!$F$5,I11=Lists!$E$6,Lists!$F$6,I11=Lists!$E$7,Lists!$F$7,I11=Lists!$E$8,Lists!$F$8) -> #N/A | N11: =SUM(L11*M11) -> #N/A | R11: =_xlfn.IFS($R$2-O11<0," ",$R$2=O11,P11,Q11=0," ",MOD(($R$2-O11),Q11)=0,P11,MOD(($R$2-O11),Q11)<>0," ") | S11: =_xlfn.IFS($S$2-O11<0," ",$S$2=O11,P11,Q11=0," ",MOD(($S$2-O11),Q11)=0,P11,MOD(($S$2-O11),Q11)<>0," ") | T11: =_xlfn.IFS($T$2-O11<0," ",$T$2=O11,P11,Q11=0," ",MOD(($T$2-O11),Q11)=0,P11,MOD(($T$2-O11),Q11)<>0," ") | U11: =_xlfn.IFS($U$2-O11<0," ",$U$2=O11,P11,Q11=0," ",MOD(($U$2-O11),Q11)=0,P11,MOD(($U$2-O11),Q11)<>0," ") | V11: =_xlfn.IFS($V$2-O11<0," ",$V$2=O11,P11,Q11=0," ",MOD(($V$2-O11),Q11)=0,P11,MOD(($V$2-O11),Q11)<>0," ") | W11: =_xlfn.IFS($W$2-O11<0," ",$W$2=O11,P11,Q11=0," ",MOD(($W$2-O11),Q11)=0,P11,MOD(($W$2-O11),Q11)<>0," ") | X11: =_xlfn.IFS($X$2-O11<0," ",$X$2=O11,P11,Q11=0," ",MOD(($X$2-O11),Q11)=0,P11,MOD(($X$2-O11),Q11)<>0," ") | Y11: =_xlfn.IFS($Y$2-O11<0," ",$Y$2=O11,P11,Q11=0," ",MOD(($Y$2-O11),Q11)=0,P11,MOD(($Y$2-O11),Q11)<>0," ") | Z11: =_xlfn.IFS($Z$2-O11<0," ",$Z$2=O11,P11,Q11=0," ",MOD(($Z$2-O11),Q11)=0,P11,MOD(($Z$2-O11),Q11)<>0," ") | AA11: =_xlfn.IFS($AA$2-O11<0," ",$AA$2=O11,P11,Q11=0," ",MOD(($AA$2-O11),Q11)=0,P11,MOD(($AA$2-O11),Q11)<>0," ") | AB11: =SUM(R11:AA11) -> 0
A12: =IF(B12="","",INDEX(Lists!$P$3:$P$12,MATCH(B12,Lists!$O$3:$O$12,0)) & "." & TEXT(COUNTIF($B$3:B12,"*"),"00")) | K12: =VLOOKUP(N12,Risk!$B$13:$C$38,2,FALSE) -> #N/A | L12: =_xlfn.IFS(H12=Lists!$D$4,Lists!$F$4,H12=Lists!$D$5,Lists!$F$5,H12=Lists!$D$6,Lists!$F$6,H12=Lists!$D$7,Lists!$F$7,H12=Lists!$D$8,Lists!$F$8) -> #N/A | M12: =_xlfn.IFS(I12=Lists!$E$4,Lists!$F$4,I12=Lists!$E$5,Lists!$F$5,I12=Lists!$E$6,Lists!$F$6,I12=Lists!$E$7,Lists!$F$7,I12=Lists!$E$8,Lists!$F$8) -> #N/A | N12: =SUM(L12*M12) -> #N/A | R12: =_xlfn.IFS($R$2-O12<0," ",$R$2=O12,P12,Q12=0," ",MOD(($R$2-O12),Q12)=0,P12,MOD(($R$2-O12),Q12)<>0," ") | S12: =_xlfn.IFS($S$2-O12<0," ",$S$2=O12,P12,Q12=0," ",MOD(($S$2-O12),Q12)=0,P12,MOD(($S$2-O12),Q12)<>0," ") | T12: =_xlfn.IFS($T$2-O12<0," ",$T$2=O12,P12,Q12=0," ",MOD(($T$2-O12),Q12)=0,P12,MOD(($T$2-O12),Q12)<>0," ") | U12: =_xlfn.IFS($U$2-O12<0," ",$U$2=O12,P12,Q12=0," ",MOD(($U$2-O12),Q12)=0,P12,MOD(($U$2-O12),Q12)<>0," ") | V12: =_xlfn.IFS($V$2-O12<0," ",$V$2=O12,P12,Q12=0," ",MOD(($V$2-O12),Q12)=0,P12,MOD(($V$2-O12),Q12)<>0," ") | W12: =_xlfn.IFS($W$2-O12<0," ",$W$2=O12,P12,Q12=0," ",MOD(($W$2-O12),Q12)=0,P12,MOD(($W$2-O12),Q12)<>0," ") | X12: =_xlfn.IFS($X$2-O12<0," ",$X$2=O12,P12,Q12=0," ",MOD(($X$2-O12),Q12)=0,P12,MOD(($X$2-O12),Q12)<>0," ") | Y12: =_xlfn.IFS($Y$2-O12<0," ",$Y$2=O12,P12,Q12=0," ",MOD(($Y$2-O12),Q12)=0,P12,MOD(($Y$2-O12),Q12)<>0," ") | Z12: =_xlfn.IFS($Z$2-O12<0," ",$Z$2=O12,P12,Q12=0," ",MOD(($Z$2-O12),Q12)=0,P12,MOD(($Z$2-O12),Q12)<>0," ") | AA12: =_xlfn.IFS($AA$2-O12<0," ",$AA$2=O12,P12,Q12=0," ",MOD(($AA$2-O12),Q12)=0,P12,MOD(($AA$2-O12),Q12)<>0," ") | AB12: =SUM(R12:AA12) -> 0
A13: =IF(B13="","",INDEX(Lists!$P$3:$P$12,MATCH(B13,Lists!$O$3:$O$12,0)) & "." & TEXT(COUNTIF($B$3:B13,"*"),"00")) | K13: =VLOOKUP(N13,Risk!$B$13:$C$38,2,FALSE) -> #N/A | L13: =_xlfn.IFS(H13=Lists!$D$4,Lists!$F$4,H13=Lists!$D$5,Lists!$F$5,H13=Lists!$D$6,Lists!$F$6,H13=Lists!$D$7,Lists!$F$7,H13=Lists!$D$8,Lists!$F$8) -> #N/A | M13: =_xlfn.IFS(I13=Lists!$E$4,Lists!$F$4,I13=Lists!$E$5,Lists!$F$5,I13=Lists!$E$6,Lists!$F$6,I13=Lists!$E$7,Lists!$F$7,I13=Lists!$E$8,Lists!$F$8) -> #N/A | N13: =SUM(L13*M13) -> #N/A | R13: =_xlfn.IFS($R$2-O13<0," ",$R$2=O13,P13,Q13=0," ",MOD(($R$2-O13),Q13)=0,P13,MOD(($R$2-O13),Q13)<>0," ") | S13: =_xlfn.IFS($S$2-O13<0," ",$S$2=O13,P13,Q13=0," ",MOD(($S$2-O13),Q13)=0,P13,MOD(($S$2-O13),Q13)<>0," ") | T13: =_xlfn.IFS($T$2-O13<0," ",$T$2=O13,P13,Q13=0," ",MOD(($T$2-O13),Q13)=0,P13,MOD(($T$2-O13),Q13)<>0," ") | U13: =_xlfn.IFS($U$2-O13<0," ",$U$2=O13,P13,Q13=0," ",MOD(($U$2-O13),Q13)=0,P13,MOD(($U$2-O13),Q13)<>0," ") | V13: =_xlfn.IFS($V$2-O13<0," ",$V$2=O13,P13,Q13=0," ",MOD(($V$2-O13),Q13)=0,P13,MOD(($V$2-O13),Q13)<>0," ") | W13: =_xlfn.IFS($W$2-O13<0," ",$W$2=O13,P13,Q13=0," ",MOD(($W$2-O13),Q13)=0,P13,MOD(($W$2-O13),Q13)<>0," ") | X13: =_xlfn.IFS($X$2-O13<0," ",$X$2=O13,P13,Q13=0," ",MOD(($X$2-O13),Q13)=0,P13,MOD(($X$2-O13),Q13)<>0," ") | Y13: =_xlfn.IFS($Y$2-O13<0," ",$Y$2=O13,P13,Q13=0," ",MOD(($Y$2-O13),Q13)=0,P13,MOD(($Y$2-O13),Q13)<>0," ") | Z13: =_xlfn.IFS($Z$2-O13<0," ",$Z$2=O13,P13,Q13=0," ",MOD(($Z$2-O13),Q13)=0,P13,MOD(($Z$2-O13),Q13)<>0," ") | AA13: =_xlfn.IFS($AA$2-O13<0," ",$AA$2=O13,P13,Q13=0," ",MOD(($AA$2-O13),Q13)=0,P13,MOD(($AA$2-O13),Q13)<>0," ") | AB13: =SUM(R13:AA13) -> 0
A14: =IF(B14="","",INDEX(Lists!$P$3:$P$12,MATCH(B14,Lists!$O$3:$O$12,0)) & "." & TEXT(COUNTIF($B$3:B14,"*"),"00")) | K14: =VLOOKUP(N14,Risk!$B$13:$C$38,2,FALSE) -> #N/A | L14: =_xlfn.IFS(H14=Lists!$D$4,Lists!$F$4,H14=Lists!$D$5,Lists!$F$5,H14=Lists!$D$6,Lists!$F$6,H14=Lists!$D$7,Lists!$F$7,H14=Lists!$D$8,Lists!$F$8) -> #N/A | M14: =_xlfn.IFS(I14=Lists!$E$4,Lists!$F$4,I14=Lists!$E$5,Lists!$F$5,I14=Lists!$E$6,Lists!$F$6,I14=Lists!$E$7,Lists!$F$7,I14=Lists!$E$8,Lists!$F$8) -> #N/A | N14: =SUM(L14*M14) -> #N/A | R14: =_xlfn.IFS($R$2-O14<0," ",$R$2=O14,P14,Q14=0," ",MOD(($R$2-O14),Q14)=0,P14,MOD(($R$2-O14),Q14)<>0," ") | S14: =_xlfn.IFS($S$2-O14<0," ",$S$2=O14,P14,Q14=0," ",MOD(($S$2-O14),Q14)=0,P14,MOD(($S$2-O14),Q14)<>0," ") | T14: =_xlfn.IFS($T$2-O14<0," ",$T$2=O14,P14,Q14=0," ",MOD(($T$2-O14),Q14)=0,P14,MOD(($T$2-O14),Q14)<>0," ") | U14: =_xlfn.IFS($U$2-O14<0," ",$U$2=O14,P14,Q14=0," ",MOD(($U$2-O14),Q14)=0,P14,MOD(($U$2-O14),Q14)<>0," ") | V14: =_xlfn.IFS($V$2-O14<0," ",$V$2=O14,P14,Q14=0," ",MOD(($V$2-O14),Q14)=0,P14,MOD(($V$2-O14),Q14)<>0," ") | W14: =_xlfn.IFS($W$2-O14<0," ",$W$2=O14,P14,Q14=0," ",MOD(($W$2-O14),Q14)=0,P14,MOD(($W$2-O14),Q14)<>0," ") | X14: =_xlfn.IFS($X$2-O14<0," ",$X$2=O14,P14,Q14=0," ",MOD(($X$2-O14),Q14)=0,P14,MOD(($X$2-O14),Q14)<>0," ") | Y14: =_xlfn.IFS($Y$2-O14<0," ",$Y$2=O14,P14,Q14=0," ",MOD(($Y$2-O14),Q14)=0,P14,MOD(($Y$2-O14),Q14)<>0," ") | Z14: =_xlfn.IFS($Z$2-O14<0," ",$Z$2=O14,P14,Q14=0," ",MOD(($Z$2-O14),Q14)=0,P14,MOD(($Z$2-O14),Q14)<>0," ") | AA14: =_xlfn.IFS($AA$2-O14<0," ",$AA$2=O14,P14,Q14=0," ",MOD(($AA$2-O14),Q14)=0,P14,MOD(($AA$2-O14),Q14)<>0," ") | AB14: =SUM(R14:AA14) -> 0
... A70: =IF(B70="","",INDEX(Lists!$P$3:$P$12,MATCH(B70,Lists!$O$3:$O$12,0)) & "." & TEXT(COUNTIF($B$3:B70,"*"),"00")) | K70: =VLOOKUP(N70,Risk!$B$13:$C$38,2,FALSE) -> #N/A | L70: =_xlfn.IFS(H70=Lists!$D$4,Lists!$F$4,H70=Lists!$D$5,Lists!$F$5,H70=Lists!$D$6,Lists!$F$6,H70=Lists!$D$7,Lists!$F$7,H70=Lists!$D$8,Lists!$F$8) -> #N/A | M70: =_xlfn.IFS(I70=Lists!$E$4,Lists!$F$4,I70=Lists!$E$5,Lists!$F$5,I70=Lists!$E$6,Lists!$F$6,I70=Lists!$E$7,Lists!$F$7,I70=Lists!$E$8,Lists!$F$8) -> #N/A | N70: =SUM(L70*M70) -> #N/A | R70: =_xlfn.IFS($R$2-O70<0," ",$R$2=O70,P70,Q70=0," ",MOD(($R$2-O70),Q70)=0,P70,MOD(($R$2-O70),Q70)<>0," ") | S70: =_xlfn.IFS($S$2-O70<0," ",$S$2=O70,P70,Q70=0," ",MOD(($S$2-O70),Q70)=0,P70,MOD(($S$2-O70),Q70)<>0," ") | T70: =_xlfn.IFS($T$2-O70<0," ",$T$2=O70,P70,Q70=0," ",MOD(($T$2-O70),Q70)=0,P70,MOD(($T$2-O70),Q70)<>0," ") | U70: =_xlfn.IFS($U$2-O70<0," ",$U$2=O70,P70,Q70=0," ",MOD(($U$2-O70),Q70)=0,P70,MOD(($U$2-O70),Q70)<>0," ") | V70: =_xlfn.IFS($V$2-O70<0," ",$V$2=O70,P70,Q70=0," ",MOD(($V$2-O70),Q70)=0,P70,MOD(($V$2-O70),Q70)<>0," ") | W70: =_xlfn.IFS($W$2-O70<0," ",$W$2=O70,P70,Q70=0," ",MOD(($W$2-O70),Q70)=0,P70,MOD(($W$2-O70),Q70)<>0," ") | X70: =_xlfn.IFS($X$2-O70<0," ",$X$2=O70,P70,Q70=0," ",MOD(($X$2-O70),Q70)=0,P70,MOD(($X$2-O70),Q70)<>0," ") | Y70: =_xlfn.IFS($Y$2-O70<0," ",$Y$2=O70,P70,Q70=0," ",MOD(($Y$2-O70),Q70)=0,P70,MOD(($Y$2-O70),Q70)<>0," ") | Z70: =_xlfn.IFS($Z$2-O70<0," ",$Z$2=O70,P70,Q70=0," ",MOD(($Z$2-O70),Q70)=0,P70,MOD(($Z$2-O70),Q70)<>0," ") | AA70: =_xlfn.IFS($AA$2-O70<0," ",$AA$2=O70,P70,Q70=0," ",MOD(($AA$2-O70),Q70)=0,P70,MOD(($AA$2-O70),Q70)<>0," ") | AB70: =SUM(R70:AA70) -> 0
R72: 2025 | S72: =SUM(R72+1) -> 2026 | T72: =SUM(S72+1) -> 2027 | U72: =SUM(T72+1) -> 2028 | V72: =SUM(U72+1) -> 2029 | W72: =SUM(V72+1) -> 2030 | X72: =SUM(W72+1) -> 2031 | Y72: =SUM(X72+1) -> 2032 | Z72: =SUM(Y72+1) -> 2033 | AA72: =SUM(Z72+1) -> 2034 | AB72: Total Forecast Cost For Reporting Period
R73: =SUM(R3:R71) -> 0 | S73: =SUM(S3:S71) -> 0 | T73: =SUM(T3:T71) -> 0 | U73: =SUM(U3:U71) -> 0 | V73: =SUM(V3:V71) -> 0 | W73: =SUM(W3:W71) -> 0 | X73: =SUM(X3:X71) -> 0 | Y73: =SUM(Y3:Y71) -> 0 | ... AB73: =SUM(AB3:AB71) -> 0

Sheet Insights
B1: Capital Expenditure Schedule Summaries | N1: Distribution of Priority 1 Capital Expenditure
B3: Short | C3: Medium | G3: Long
B4: =Lists!A16 -> 2026 | C4: =SUM(B4+1) -> 2027 | D4: =SUM(C4+1) -> 2028 | E4: =SUM(D4+1) -> 2029 | F4: =SUM(E4+1) -> 2030 | G4: =SUM(F4+1) -> 2031 | H4: =SUM(G4+1) -> 2032 | I4: =SUM(H4+1) -> 2033 | J4: =SUM(I4+1) -> 2034 | K4: =SUM(J4+1) -> 2035 | M4: 1 | N4: Building Structure and Fabric | P4: =SUMIFS(Schedule!AB:AB,Schedule!B:B,Insights!N4,Schedule!G:G,"CAP",Schedule!K:K,"1") -> 0
A5: CAP | B5: =SUMIF(Schedule!$G:$G,Insights!$A$5,Schedule!R:R) -> 0 | C5: =SUMIF(Schedule!$G:$G,Insights!$A$5,Schedule!S:S) -> 0 | D5: =SUMIF(Schedule!$G:$G,Insights!$A$5,Schedule!T:T) -> 0 | E5: =SUMIF(Schedule!$G:$G,Insights!$A$5,Schedule!U:U) -> 0 | F5: =SUMIF(Schedule!$G:$G,Insights!$A$5,Schedule!V:V) -> 0 | G5: =SUMIF(Schedule!$G:$G,Insights!$A$5,Schedule!W:W) -> 0 | H5: =SUMIF(Schedule!$G:$G,Insights!$A$5,Schedule!X:X) -> 0 | I5: =SUMIF(Schedule!$G:$G,Insights!$A$5,Schedule!Y:Y) -> 0 | J5: =SUMIF(Schedule!$G:$G,Insights!$A$5,Schedule!Z:Z) -> 0 | K5: =SUMIF(Schedule!$G:$G,Insights!$A$5,Schedule!AA:AA) -> 0 | M5: 2 | N5: Mechanical Systems | P5: =SUMIFS(Schedule!AB:AB,Schedule!B:B,Insights!N5,Schedule!G:G,"CAP",Schedule!K:K,"1") -> 0
A6: R&M | B6: =SUMIF(Schedule!$G:$G,Insights!$A$6,Schedule!R:R) -> 0 | C6: =SUMIF(Schedule!$G:$G,Insights!$A$6,Schedule!S:S) -> 0 | D6: =SUMIF(Schedule!$G:$G,Insights!$A$6,Schedule!T:T) -> 0 | E6: =SUMIF(Schedule!$G:$G,Insights!$A$6,Schedule!U:U) -> 0 | F6: =SUMIF(Schedule!$G:$G,Insights!$A$6,Schedule!V:V) -> 0 | G6: =SUMIF(Schedule!$G:$G,Insights!$A$6,Schedule!W:W) -> 0 | H6: =SUMIF(Schedule!$G:$G,Insights!$A$6,Schedule!X:X) -> 0 | I6: =SUMIF(Schedule!$G:$G,Insights!$A$6,Schedule!Y:Y) -> 0 | J6: =SUMIF(Schedule!$G:$G,Insights!$A$6,Schedule!Z:Z) -> 0 | K6: =SUMIF(Schedule!$G:$G,Insights!$A$6,Schedule!AA:AA) -> 0 | M6: 3 | N6: Electrical Systems | P6: =SUMIFS(Schedule!AB:AB,Schedule!B:B,Insights!N6,Schedule!G:G,"CAP",Schedule!K:K,"1") -> 0
A7: MISC | B7: =SUMIF(Schedule!$G:$G,Insights!$A$7,Schedule!R:R) -> 0 | C7: =SUMIF(Schedule!$G:$G,Insights!$A$7,Schedule!S:S) -> 0 | D7: =SUMIF(Schedule!$G:$G,Insights!$A$7,Schedule!T:T) -> 0 | E7: =SUMIF(Schedule!$G:$G,Insights!$A$7,Schedule!U:U) -> 0 | F7: =SUMIF(Schedule!$G:$G,Insights!$A$7,Schedule!V:V) -> 0 | G7: =SUMIF(Schedule!$G:$G,Insights!$A$7,Schedule!W:W) -> 0 | H7: =SUMIF(Schedule!$G:$G,Insights!$A$7,Schedule!X:X) -> 0 | I7: =SUMIF(Schedule!$G:$G,Insights!$A$7,Schedule!Y:Y) -> 0 | J7: =SUMIF(Schedule!$G:$G,Insights!$A$7,Schedule!Z:Z) -> 0 | K7: =SUMIF(Schedule!$G:$G,Insights!$A$7,Schedule!AA:AA) -> 0 | M7: 4 | N7: Fire and Life Safety Services | P7: =SUMIFS(Schedule!AB:AB,Schedule!B:B,Insights!N7,Schedule!G:G,"CAP",Schedule!K:K,"1") -> 0
M8: 5 | N8: Hydraulic | P8: =SUMIFS(Schedule!AB:AB,Schedule!B:B,Insights!N8,Schedule!G:G,"CAP",Schedule!K:K,"1") -> 0
A9: Total | B9: =SUM(B5:B7) -> 0 | C9: =SUM(C5:C7) -> 0 | D9: =SUM(D5:D7) -> 0 | E9: =SUM(E5:E7) -> 0 | F9: =SUM(F5:F7) -> 0 | G9: =SUM(G5:G7) -> 0 | H9: =SUM(H5:H7) -> 0 | I9: =SUM(I5:I7) -> 0 | ... K9: =SUM(K5:K7) -> 0 | L9: =SUM(B9:K9) -> 0 | M9: 6 | N9: Vertical Transport | P9: =SUMIFS(Schedule!AB:AB,Schedule!B:B,Insights!N9,Schedule!G:G,"CAP",Schedule!K:K,"1") -> 0
M10: 7 | N10: Compliance | P10: =SUMIFS(Schedule!AB:AB,Schedule!B:B,Insights!N10,Schedule!G:G,"CAP",Schedule!K:K,"1") -> 0
A11: By CAP | M11: 8 | N11: Environment and Hazmat | P11: =SUMIFS(Schedule!AB:AB,Schedule!B:B,Insights!N11,Schedule!G:G,"CAP",Schedule!K:K,"1") -> 0
A12: Priority 1 | B12: =SUMIFS(Schedule!R:R,Schedule!$G:$G,"CAP",Schedule!$K:$K,"1") -> 0 | C12: =SUMIFS(Schedule!S:S,Schedule!$G:$G,"CAP",Schedule!$K:$K,"1") -> 0 | D12: =SUMIFS(Schedule!T:T,Schedule!$G:$G,"CAP",Schedule!$K:$K,"1") -> 0 | E12: =SUMIFS(Schedule!U:U,Schedule!$G:$G,"CAP",Schedule!$K:$K,"1") -> 0 | F12: =SUMIFS(Schedule!V:V,Schedule!$G:$G,"CAP",Schedule!$K:$K,"1") -> 0 | G12: =SUMIFS(Schedule!W:W,Schedule!$G:$G,"CAP",Schedule!$K:$K,"1") -> 0 | H12: =SUMIFS(Schedule!X:X,Schedule!$G:$G,"CAP",Schedule!$K:$K,"1") -> 0 | I12: =SUMIFS(Schedule!Y:Y,Schedule!$G:$G,"CAP",Schedule!$K:$K,"1") -> 0 | J12: =SUMIFS(Schedule!Z:Z,Schedule!$G:$G,"CAP",Schedule!$K:$K,"1") -> 0 | K12: =SUMIFS(Schedule!AA:AA,Schedule!$G:$G,"CAP",Schedule!$K:$K,"1") -> 0 | L12: =SUM(B12:K12) -> 0
A13: Priority 2 | B13: =SUMIFS(Schedule!R:R,Schedule!$G:$G,"CAP",Schedule!$K:$K,"2") -> 0 | C13: =SUMIFS(Schedule!S:S,Schedule!$G:$G,"CAP",Schedule!$K:$K,"2") -> 0 | D13: =SUMIFS(Schedule!T:T,Schedule!$G:$G,"CAP",Schedule!$K:$K,"2") -> 0 | E13: =SUMIFS(Schedule!U:U,Schedule!$G:$G,"CAP",Schedule!$K:$K,"2") -> 0 | F13: =SUMIFS(Schedule!V:V,Schedule!$G:$G,"CAP",Schedule!$K:$K,"2") -> 0 | G13: =SUMIFS(Schedule!W:W,Schedule!$G:$G,"CAP",Schedule!$K:$K,"2") -> 0 | H13: =SUMIFS(Schedule!X:X,Schedule!$G:$G,"CAP",Schedule!$K:$K,"2") -> 0 | I13: =SUMIFS(Schedule!Y:Y,Schedule!$G:$G,"CAP",Schedule!$K:$K,"2") -> 0 | J13: =SUMIFS(Schedule!Z:Z,Schedule!$G:$G,"CAP",Schedule!$K:$K,"2") -> 0 | K13: =SUMIFS(Schedule!AA:AA,Schedule!$G:$G,"CAP",Schedule!$K:$K,"2") -> 0 | L13: =SUM(B13:K13) -> 0
A14: Priority 3 | B14: =SUMIFS(Schedule!R:R,Schedule!$G:$G,"CAP",Schedule!$K:$K,"3") -> 0 | C14: =SUMIFS(Schedule!S:S,Schedule!$G:$G,"CAP",Schedule!$K:$K,"3") -> 0 | D14: =SUMIFS(Schedule!T:T,Schedule!$G:$G,"CAP",Schedule!$K:$K,"3") -> 0 | E14: =SUMIFS(Schedule!U:U,Schedule!$G:$G,"CAP",Schedule!$K:$K,"3") -> 0 | F14: =SUMIFS(Schedule!V:V,Schedule!$G:$G,"CAP",Schedule!$K:$K,"3") -> 0 | G14: =SUMIFS(Schedule!W:W,Schedule!$G:$G,"CAP",Schedule!$K:$K,"3") -> 0 | H14: =SUMIFS(Schedule!X:X,Schedule!$G:$G,"CAP",Schedule!$K:$K,"3") -> 0 | I14: =SUMIFS(Schedule!Y:Y,Schedule!$G:$G,"CAP",Schedule!$K:$K,"3") -> 0 | J14: =SUMIFS(Schedule!Z:Z,Schedule!$G:$G,"CAP",Schedule!$K:$K,"3") -> 0 | K14: =SUMIFS(Schedule!AA:AA,Schedule!$G:$G,"CAP",Schedule!$K:$K,"3") -> 0 | L14: =SUM(B14:K14) -> 0
A16: By R&M
A17: Priority 1 | B17: =SUMIFS(Schedule!R:R,Schedule!$G:$G,"R&M",Schedule!$K:$K,"1") -> 0 | C17: =SUMIFS(Schedule!S:S,Schedule!$G:$G,"R&M",Schedule!$K:$K,"1") -> 0 | D17: =SUMIFS(Schedule!T:T,Schedule!$G:$G,"R&M",Schedule!$K:$K,"1") -> 0 | E17: =SUMIFS(Schedule!U:U,Schedule!$G:$G,"R&M",Schedule!$K:$K,"1") -> 0 | F17: =SUMIFS(Schedule!V:V,Schedule!$G:$G,"R&M",Schedule!$K:$K,"1") -> 0 | G17: =SUMIFS(Schedule!W:W,Schedule!$G:$G,"R&M",Schedule!$K:$K,"1") -> 0 | H17: =SUMIFS(Schedule!X:X,Schedule!$G:$G,"R&M",Schedule!$K:$K,"1") -> 0 | I17: =SUMIFS(Schedule!Y:Y,Schedule!$G:$G,"R&M",Schedule!$K:$K,"1") -> 0 | J17: =SUMIFS(Schedule!Z:Z,Schedule!$G:$G,"R&M",Schedule!$K:$K,"1") -> 0 | K17: =SUMIFS(Schedule!AA:AA,Schedule!$G:$G,"R&M",Schedule!$K:$K,"1") -> 0 | L17: =SUM(B17:K17) -> 0
A18: Priority 2 | B18: =SUMIFS(Schedule!R:R,Schedule!$G:$G,"R&M",Schedule!$K:$K,"2") -> 0 | C18: =SUMIFS(Schedule!S:S,Schedule!$G:$G,"R&M",Schedule!$K:$K,"2") -> 0 | D18: =SUMIFS(Schedule!T:T,Schedule!$G:$G,"R&M",Schedule!$K:$K,"2") -> 0 | E18: =SUMIFS(Schedule!U:U,Schedule!$G:$G,"R&M",Schedule!$K:$K,"2") -> 0 | F18: =SUMIFS(Schedule!V:V,Schedule!$G:$G,"R&M",Schedule!$K:$K,"2") -> 0 | G18: =SUMIFS(Schedule!W:W,Schedule!$G:$G,"R&M",Schedule!$K:$K,"2") -> 0 | H18: =SUMIFS(Schedule!X:X,Schedule!$G:$G,"R&M",Schedule!$K:$K,"2") -> 0 | I18: =SUMIFS(Schedule!Y:Y,Schedule!$G:$G,"R&M",Schedule!$K:$K,"2") -> 0 | J18: =SUMIFS(Schedule!Z:Z,Schedule!$G:$G,"R&M",Schedule!$K:$K,"2") -> 0 | K18: =SUMIFS(Schedule!AA:AA,Schedule!$G:$G,"R&M",Schedule!$K:$K,"2") -> 0 | L18: =SUM(B18:K18) -> 0
A19: Priority 3 | B19: =SUMIFS(Schedule!R:R,Schedule!$G:$G,"R&M",Schedule!$K:$K,"3") -> 0 | C19: =SUMIFS(Schedule!S:S,Schedule!$G:$G,"R&M",Schedule!$K:$K,"3") -> 0 | D19: =SUMIFS(Schedule!T:T,Schedule!$G:$G,"R&M",Schedule!$K:$K,"3") -> 0 | E19: =SUMIFS(Schedule!U:U,Schedule!$G:$G,"R&M",Schedule!$K:$K,"3") -> 0 | F19: =SUMIFS(Schedule!V:V,Schedule!$G:$G,"R&M",Schedule!$K:$K,"3") -> 0 | G19: =SUMIFS(Schedule!W:W,Schedule!$G:$G,"R&M",Schedule!$K:$K,"3") -> 0 | H19: =SUMIFS(Schedule!X:X,Schedule!$G:$G,"R&M",Schedule!$K:$K,"3") -> 0 | I19: =SUMIFS(Schedule!Y:Y,Schedule!$G:$G,"R&M",Schedule!$K:$K,"3") -> 0 | J19: =SUMIFS(Schedule!Z:Z,Schedule!$G:$G,"R&M",Schedule!$K:$K,"3") -> 0 | K19: =SUMIFS(Schedule!AA:AA,Schedule!$G:$G,"R&M",Schedule!$K:$K,"3") -> 0 | L19: =SUM(B19:K19) -> 0
B22: How is the total expenditure spread out over time? | N22: Where does the majority of the priority 1 capital expenditure risk lie?

Sheet Lists
A1: This tab is the source for all of the data validation/dropdown lists - do not modify
A3: Action | B3: Condition Rating | C3: Nature of consequence | D3: Risk Likelihood | E3: Risk Severity | G3: Risk Rating | H3: Between | I3: Between | J3: Risk Control | K3: Job Type | L3: Probability | M3: Priority | N3: Maintenance strategy | O3: Unique TDD Category | Q3: TDD Category | R3: Sub Category
A4: Maintain | B4: 1 | C4: Economic | D4: Rare | E4: Insignificant | F4: 1 | G4: High | H4: 6 | I4: 25 | J4: Eliminate | K4: CAP | L4: 90 | M4: 1 | N4: Scheduled maintenance/ Once off new work | O4: Building Structure and Fabric | P4: 1 | Q4: Building Structure and Fabric | R4: Substructure
A5: Repair | B5: 2 | C5: Legislative | D5: Unlikely | E5: Minor | F5: 2 | G5: Medium | H5: 3 | I5: 5 | J5: Substitute | K5: R&M | L5: 65 | M5: 2 | N5: Repair/ replace on condition | O5: Mechanical Systems | P5: 2 | Q5: Building Structure and Fabric | R5: Superstructure
A6: Replace | B6: 3 | C6: Health & Safety | D6: Possible | E6: Moderate | F6: 3 | G6: Low | H6: 1 | I6: 2 | J6: Redesign | K6: MISC | L6: 50 | M6: 3 | N6: Operate and replace on failure | O6: Electrical Systems | P6: 3 | Q6: Building Structure and Fabric | R6: Stairs
A7: Upgrade/Refurbish | B7: 4 | C7: Resilience | D7: Likely | E7: Major | F7: 4 | J7: Isolate | N7: Condition monitoring/ Management | O7: Fire and Life Safety Services | P7: 4 | Q7: Building Structure and Fabric | R7: Roof Areas
B8: 5 | D8: Almost Certain | E8: Critical | F8: 5 | J8: Administrative | N8: Predictive/ reliability centred maintenance | O8: Hydraulic Systems | P8: 5 | Q8: Building Structure and Fabric | R8: External Walls and Façade
J9: None | O9: Vertical Transportation | P9: 6 | Q9: Building Structure and Fabric | R9: Tenant Fitout
O10: Compliance | P10: 7 | Q10: Building Structure and Fabric | R10: Base Building Fitout & Amenities
O11: Environment and Hazmat | P11: 8 | Q11: Building Structure and Fabric | R11: Miscellaneous
O12: Town Planning | P12: 9 | Q12: Mechanical Systems | R12: Ductwork systems and components
O13: Site and Boundary | P13: 10 | Q13: Mechanical Systems | R13: External heat rejection for refrigeration plant
A14: Todays Date | Q14: Mechanical Systems | R14: Miscellaneous mechanical equipment and plant
A15: =TODAY() -> 46206 | Q15: Mechanical Systems | R15: Meters
A16: =YEAR(A15) -> 2026 | B16: Year 1 | Q16: Mechanical Systems | R16: Motors
A17: =SUM(A16+10) -> 2036 | B17: Year 10 | Q17: Mechanical Systems | R17: Open type cooling towers
Q18: Mechanical Systems | R18: Pipework systems and components
Q19: Mechanical Systems | R19: Pumps
Q20: Mechanical Systems | R20: Refrigeration plant — medium to large
Q21: Mechanical Systems | R21: Thermal Comfort
Q22: Mechanical Systems | R22: Ventilation
Q23: Electrical Systems | R23: Appliances
Q24: Electrical Systems | R24: AV Equipment
Q25: Electrical Systems | R25: Boards
Q26: Electrical Systems | R26: Building management and controls
Q27: Electrical Systems | R27: Communications systems
Q28: Electrical Systems | R28: Control/Monitoring systems
Q29: Electrical Systems | R29: Controls general
... Q108: Site and Boundary | R108: Miscellaneous Site & Boundary

Sheet Risk
B2: Severity
B3: Critical | C3: 5 | D3: =SUM(C3*$D$8) -> 5 | E3: =SUM($C$3*E8) -> 10 | F3: =SUM($C$3*F8) -> 15 | G3: =SUM($C$3*G8) -> 20 | H3: =SUM($C$3*H8) -> 25 | L3: References | M3: International Organization for Standardization (ISO) (2018). ISO 31000:2018 - Risk management - Guidelines
B4: Major | C4: 4 | D4: =SUM($C$4*D8) -> 4 | E4: =SUM($C$4*E8) -> 8 | F4: =SUM($C$4*F8) -> 12 | G4: =SUM($C$4*G8) -> 16 | H4: =SUM($C$4*H8) -> 20 | M4: Australian and New Zealand Standard" (AS/NZS) for "Risk Management" (4360), published 31 Aug. 2004. by SAI Global
B5: Moderate | C5: 3 | D5: =SUM($C$5*D8) -> 3 | E5: =SUM($C$5*E8) -> 6 | F5: =SUM($C$5*F8) -> 9 | G5: =SUM($C$5*G8) -> 12 | H5: =SUM($C$5*H8) -> 15 | M5: RICS. Surveying Safely 2nd Edition. Royal Institution of Chartered Surveyors, Feb. 2019.
B6: Minor | C6: 2 | D6: =SUM($C$6*D8) -> 2 | E6: =SUM($C$6*E8) -> 4 | F6: =SUM($C$6*F8) -> 6 | G6: =SUM($C$6*G8) -> 8 | H6: =SUM($C$6*H8) -> 10 | M6: Fagen-Ulmschneider, Wade. “Perception of Probability Words.” Waf.cs.illinois.edu, 1 July 2019, waf.cs.illinois.edu/visualizations/Perception-of-Probability-Words/. Accessed 6 Feb. 2025.
B7: Insignificant | C7: 1 | D7: =SUM($C$7*D8) -> 1 | E7: =SUM($C$7*E8) -> 2 | F7: =SUM($C$7*F8) -> 3 | G7: =SUM($C$7*G8) -> 4 | H7: =SUM($C$7*H8) -> 5 | M7: Jensen, Taylor. “Using Probabilistic Words in Data Science | towards Data Science.” Towards Data Science, 7 Feb. 2023, towardsdatascience.com/using-probabilistic-words-in-data-science-3b0b9777e9d7/. Accessed 6 Feb. 2025.
D8: 1 | E8: 2 | F8: 3 | G8: 4 | H8: 5 | M8: Willems, Sanne, et al. “Variability in the Interpretation of Probability Phrases Used in Dutch News Articles — a Risk for Miscommunication.” Journal of Science Communication, vol. 19, no. 02, 6 Apr. 2020, pp. A03–A03, jcom.sissa.it/article/pubid/JCOM_1902_2020_A03/, https://doi.org/10.22323/2.19020203. Accessed 6 Feb. 2025.
D9: Rare | E9: Unlikely | F9: Possible | G9: Likely | H9: Almost Certain
D10: Likelihood / Probability
L11: Notes | M11: The "Priority" column means the same as Red/Amber/Green, or "RAG". Except here, it is designed to be flexible to meet client by client needs.
B12: Risk context builder | M12: If a client wants more granularity than 3 levels of priority, they can assign 5, as well as decide the risk appetite/threshold for each.
B13: Score | C13: Priority | D13: L | E13: S | F13: L | G13: S | H13: Type | J13: When | M13: Do this by amending the numbering in the "Priority" column.
B14: =SUM(D14*E14) -> 1 | C14: 3 | D14: 1 | E14: 1 | F14: Rare | G14: Insignificant | H14: Operational, Legislative, WHS, or Resilience | I14: Consequence A bad, unwanted, unpleasant outcome resulting in cost or wellbeing impact | J14: Financial Year E.g. FY19-20 is 2020 | M14: Granularity can theoretically go all the way up to 25 if one so wished.
B15: =SUM(D15*E15) -> 2 | C15: 3 | D15: 1 | E15: 2 | F15: Rare | G15: Minor | M15: In each case, the final report MUST be clear on defining what each priority represents. This will typically be devised in collaboration with the client.
B16: =SUM(D16*E16) -> 2 | C16: 3 | D16: 2 | E16: 1 | F16: Unlikely | G16: Insignificant | M16: Finally, the Beyond Condition prioritisation system for TDD brings transparency to what a priorty represents, by building a contextual sentence
B17: =SUM(D17*E17) -> 3 | C17: 3 | D17: 1 | E17: 3 | F17: Rare | G17: Moderate | M17: out of likelihood, severity and risk type. Once populated and a priority is calculated, the coulmns will read, for example,
B18: =SUM(D18*E18) -> 3 | C18: 3 | D18: 3 | E18: 1 | F18: Possible | G18: Insignificant | M18: "this is a possible major legislative risk costing $150 thousand in the year 2026"
B19: =SUM(D19*E19) -> 4 | C19: 2 | D19: 1 | E19: 4 | F19: Rare | G19: Major
B20: =SUM(D20*E20) -> 4 | C20: 2 | D20: 2 | E20: 2 | F20: Unlikely | G20: Minor | M20: The defintion of each term is provided for both the consultant using the document, and the final reader to attempt to remove as much ambiguity as possible.
B21: =SUM(D21*E21) -> 4 | C21: 2 | D21: 4 | E21: 1 | F21: Likely | G21: Insignificant | M21: The language used reflects that of ISO 31000 and AS4360 for Risk Management, while acknowledging that there remains variability
B22: =SUM(D22*E22) -> 5 | C22: 2 | D22: 1 | E22: 5 | F22: Rare | G22: Critical | M22: in the interpretation of probability phrases. Supporting references are provided above in the event of scrutiny.
B23: =SUM(D23*E23) -> 5 | C23: 2 | D23: 5 | E23: 1 | F23: Almost Certain | G23: Insignificant
B24: =SUM(D24*E24) -> 6 | C24: 2 | D24: 2 | E24: 3 | F24: Unlikely | G24: Moderate
B25: =SUM(D25*E25) -> 6 | C25: 2 | D25: 3 | E25: 2 | F25: Possible | G25: Minor
B26: =SUM(D26*E26) -> 8 | C26: 2 | D26: 2 | E26: 4 | F26: Unlikely | G26: Major
B27: =SUM(D27*E27) -> 8 | C27: 2 | D27: 4 | E27: 2 | F27: Likely | G27: Minor
B28: =SUM(D28*E28) -> 8 | C28: 2 | D28: 4 | E28: 2 | F28: Likely | G28: Minor
B29: =SUM(D29*E29) -> 9 | C29: 1 | D29: 3 | E29: 3 | F29: Possible | G29: Moderate
B30: =SUM(D30*E30) -> 10 | C30: 1 | D30: 2 | E30: 5 | F30: Unlikely | G30: Critical
B31: =SUM(D31*E31) -> 12 | C31: 1 | D31: 3 | E31: 4 | F31: Possible | G31: Major
B32: =SUM(D32*E32) -> 12 | C32: 1 | D32: 4 | E32: 3 | F32: Likely | G32: Moderate
B33: =SUM(D33*E33) -> 15 | C33: 1 | D33: 3 | E33: 5 | F33: Possible | G33: Critical
B34: =SUM(D34*E34) -> 15 | C34: 1 | D34: 5 | E34: 3 | F34: Almost Certain | G34: Moderate
... B38: =SUM(D38*E38) -> 25 | C38: 1 | D38: 5 | E38: 5 | F38: Almost Certain | G38: Critical
B39: Cost of risk control measure Cost amount, start year and frequency and control measure to eliminate or defer the current risk likelihood and severity
B40: Residual Risk Return to beginning
